 Dungeon Sprint DCSS version 0.26.1-11-gd32895ea62 (webtiles) character file.

Game seed: 13771441091698339684

11522 boopmooplesden the Severer (level 11, -10/111 HPs)
             Began as a Minotaur Fighter on July 24, 2021.
             Mangled by a +3 glaive of venom (15 damage)
             ... in the Dungeon (Sprint V: "Ziggurat Sprint").
             The game lasted 00:07:34 (1038 turns).

boopmooplesden the Severer (Minotaur Fighter)       Turns: 1038, Time: 00:07:34

Health: -10/111    AC: 32    Str: 32    XL:     11   Next: 50%
Magic:  10/10      EV:  4    Int:  5    God:
Gold:   0          SH: 39    Dex: 11    Spells: 10/10 levels left

rFire    . . .     SeeInvis .   G - +5 broad axe
rCold    + . .     Faith    .   l - +18 shield of the Gong {rElec rN+ Will+ EV-5}
rNeg     + + .     Spirit   .   k - +15 Maxwell's patent armour {-Cast -Tele rElec Will+ rCorr}
rPois    +         Reflect  +   (helmet restricted)
rElec    +         Harm     .   (no cloak)
rCorr    +         Rampage  .   O - +0 pair of gloves {Str+3}
Will     +++..     NoTele   +   (no boots) Stlth ..........NoCast +
                                H - amulet of Eternity {Reflect rN+ SH+5}
HPRegen  0.28/turn              I - ring "Cizoud" {rC+ Str+2 Stlth+}
MPRegen  0.12/turn              N - ring of Suspicion {*Corrode rPois Will+ Str+4}

@: lethally poisoned (-10 -> -10), studying Dodging
A: retaliatory headbutt, horns 2
a: no special abilities


You were in the Dungeon.
You visited 1 branch

Inventory:

Hand Weapons
 a - a +0 war axe
 G - a +5 broad axe (weapon)
Armour
 b - a +0 scale mail
 c - a +0 kite shield
 k - the +15 Maxwell's patent armour (worn) {-Cast -Tele rElec Will+ rCorr}
   (You found it in the Dungeon)

   It insulates you from electricity.
   It affects your willpower, your defense against some magical effects.
   It prevents spellcasting.
   It prevents most forms of teleportation.
   It provides partial protection from all sources of acid and corrosion.
 l - the +18 shield of the Gong (worn) {rElec rN+ Will+ EV-5}
   (You found it in the Dungeon)

   It affects your evasion (-5).
   It insulates you from electricity.
   It protects you from negative energy.
   It affects your willpower, your defense against some magical effects.
 O - a +0 pair of gloves of strength (worn)
Jewellery
 m - an uncursed ring of flight
 n - a +6 ring of dexterity
 o - a +6 ring of dexterity
 p - a +6 ring of intelligence
 q - a +6 ring of intelligence
 r - a +6 ring of strength
 s - a +6 ring of strength
 H - the amulet of Eternity (around neck) {Reflect rN+ SH+5}
   (You found it in the Dungeon)

   [amulet of reflection]

   It shields you and reflects attacks.
   It protects you from negative energy.
   It affects your SH (+5).
 I - the ring "Cizoud" (left hand) {rC+ Str+2 Stlth+}
   (You found it in the Dungeon)

   [ring of protection from cold]

   It affects your strength (+2).
   It protects you from cold.
   It makes you more stealthy.
 J - a +4 ring of protection
 L - a +4 ring of protection
 M - an uncursed amulet of guardian spirit
 N - the ring of Suspicion (right hand) {*Corrode rPois Will+ Str+4}
   (You found it in the Dungeon)

   [ring of willpower]

   It affects your strength (+4).
   It protects you from poison.
   It affects your willpower, your defense against some magical effects.
   It may corrode you when you take damage.
Wands
 t - a wand of disintegration (7)
 u - a wand of iceblast (7)
 v - a wand of acid (7)
Scrolls
 j - 4 scrolls of blinking
 w - 4 scrolls of amnesia
 x - 7 scrolls of fog
 y - a scroll of holy word
 z - 5 scrolls of identify
 A - 5 scrolls of remove curse
 B - 2 scrolls of fear
Potions
 d - 5 potions of might
 e - 10 potions of curing
 f - 9 potions of heal wounds
 g - 6 potions of haste
 h - 7 potions of magic
 i - 3 potions of berserk rage
 C - 2 potions of brilliance
 D - 2 potions of invisibility
 E - 4 potions of resistance
 F - a potion of experience
Books
 K - a manual of Dodging


   Skills:
 + Level 14.3 Fighting
 + Level 19.2 Axes
 + Level 12.9 Armour
 + Level 2.7 Dodging
 + Level 0.8 Stealth
 + Level 18.9 Shields


You had 10 spell levels left.
You didn't know any spells.
Your spell library was empty.

Dungeon Overview and Level Annotations

Branches:
Dungeon (1/1)

Altars:
Ashenzari
Cheibriados
Dithmenos
Elyvilon
Fedhas
Gozag
Hepliaklqana
Kikubaaqudgha
Makhleb
Nemelex Xobeh
Okawaru
Qazlal
Ru
Sif Muna
Trog
Uskayaw
Vehumet
Wu Jian
Xom
Yredelemnul
Zin
The Shining One
Beogh
Jiyva
Lugonu

Annotations:
D 1 transporter


Innate Abilities, Weirdness & Mutations

You reflexively headbutt those who attack you in melee.
You have a pair of horns on your head.


Message History

GONNNNG!
You see here a +5 trident of freezing.
You closely miss the deep elf mage. Your headbutt misses the deep elf mage.
You hit the +3 glaive of venom.
The deep elf mage hits you but does no damage.
The +3 glaive of venom hits you!
* * * LOW HITPOINT WARNING * * *
You hit the deep elf mage. Your headbutt misses the deep elf mage.
The deep elf mage is lightly wounded.
You hit the +3 glaive of venom but do no damage.
You feel sick.
You hit the deep elf mage. Your headbutt misses the deep elf mage.
The deep elf mage is moderately wounded.
You miss the +3 glaive of venom.
You block the +3 glaive of venom's attack.
BONNNG!
The deep elf mage gestures wildly while chanting.
The deep elf mage blinks!
You feel sick. The +3 glaive of venom hits you!
You die...

▓....©....▓...©...▓
▓▓▓▓▓▓▓▓▓▓▓▓▓▓▓▓▓▓▓
▓...8©8...▓
▓..).:}...▓
▓...}::|..▓
▓..e......▓
▓.........▓
▓.........▓
▓.....@().▓
▓.....§)..▓
▓....©..).▓
▓▓▓▓▓▓▓▓▓▓▓


You could see a deep elf mage and a +3 glaive of venom.

Vanquished Creatures
  A tentacled starspawn (D)
  A white draconian (D)
  4 dancing weapons (D)
  A deep elf archer (D)
  2 deep elf magi (D)
  A shining eye (D)
  6 draconians (D)
  A cane toad (D)
  A raiju (D)
  A wind drake (shapeshifter) (D)
  A slime creature (D)
  A flying skull (D)
  2 water elementals (D)
  A yak (D)
  A fire elemental (D)
  A golden eye (D)
  3 water moccasins (D)
  A phantom (D)
  A floating eye (D)
  A wolf (D)
  A bullfrog (D)
  3 scorpions (D)
  3 jellies (D)
  A shadow imp (D)
  3 ufetubi (D)
  An ooze (D)
  2 adder skeletons (D)
  4 jackals (D)
  A leopard gecko skeleton (D)
  A leopard gecko zombie (D)
  A starspawn tentacle (D)
53 creatures vanquished.

Vanquished Creatures (others)
  2 starspawn tentacles (D)
2 creatures vanquished.

Grand Total: 55 creatures vanquished

Notes
Turn   | Place    | Note
-------+----------+-------------------------------------------
     0 | D        | boopmooplesden the Minotaur Fighter began the quest for the
                  | Orb.
     0 | D        | Reached XP level 1. HP: 19/19 MP: 0/0
     2 | D        | Found a blossoming altar of Fedhas.
     3 | D        | Found the +6 Majin-Bo {vamp, MP+6 Int+6}
     3 | D        | Found the +9 heavy crossbow "Sniper" {vorpal, Acc+∞ SInv}
     3 | D        | Found the +10 dark maul {vorpal}
     3 | D        | Found the +15 Maxwell's patent armour {-Cast -Tele rElec
                  | Will+ rCorr}
     3 | D        | Found the +18 shield of the Gong {rElec rN+ Will+ EV-5}
     3 | D        | Found the cursed +14 obsidian axe {vorpal, +Fly SInv
                  | *Curse}
     3 | D        | Found the +7 great mace "Firestarter" {inner flame, rF++}
     3 | D        | Found the +6 shillelagh "Devastator" {shatter}
     3 | D        | Found the +11 plutonium sword {*Contam Stlth-}
     3 | D        | Found the +8 lance "Wyrmbane" {slay drac, rPois rF+ rC+
                  | AC+3}
     3 | D        | Found the +9 sword of Zonguldrok {reap}
     3 | D        | Found the cursed +13 scythe of Curses {drain, *Curse}
     3 | D        | Found the +5 sword of Power {vorpal}
     3 | D        | Found the +7 mace of Variability {chain chaos}
     3 | D        | Found the +7 Singing Sword {vorpal, sonic wave}
     3 | D        | Found the +8 storm bow {elec, penet}
     5 | D        | Found a transporter.
     5 | D        | Found a viscous altar of Jiyva.
     5 | D        | Found an ancient bone altar of Kikubaaqudgha.
     5 | D        | Found a hazy altar of Hepliaklqana.
     5 | D        | Found a corrupted altar of Lugonu.
     5 | D        | Found an opulent altar of Gozag.
     5 | D        | Found a burning altar of Makhleb.
    18 | D        | Found a sparkling altar of Nemelex Xobeh.
    18 | D        | Found an iron altar of Okawaru.
    18 | D        | Found a stormy altar of Qazlal.
    18 | D        | Found a sacrificial altar of Ru.
    24 | D        | Found a shimmering blue altar of Sif Muna.
    46 | D        | Found a bloodstained altar of Trog.
    77 | D        | Entered arena 2.
    77 | D        | Noticed a flying skull
    77 | D        | Found a transporter.
    89 | D        | Killed a flying skull
    90 | D        | Reached skill level 4 in Axes
    90 | D        | Reached XP level 2. HP: 16/34 MP: 1/1
    90 | D        | Reached XP level 3. HP: 19/39 MP: 2/2
    90 | D        | Reached XP level 4. HP: 23/47 MP: 3/3
    90 | D        | Reached XP level 5. HP: 25/52 MP: 4/4
   248 | D        | Entered arena 3.
   248 | D        | Found a transporter.
   249 | D        | Found the +7 captain's cutlass {speed, disarm}
   252 | D        | Reached skill level 5 in Axes
   257 | D        | Reached skill level 10 in Shields
   257 | D        | Reached XP level 6. HP: 61/61 MP: 5/5
   263 | D        | Entered arena 4.
   263 | D        | Found a transporter.
   274 | D        | Reached skill level 6 in Axes
   276 | D        | Got the amulet of Eternity {Reflect rN+ SH+5}
   287 | D        | Entered arena 5.
   287 | D        | Noticed a +1 hand axe of electrocution
   287 | D        | Noticed a water elemental
   287 | D        | Noticed a +2 flail of protection
   287 | D        | Noticed a +1 short sword of flaming
   287 | D        | Found a transporter.
   300 | D        | Killed a +1 short sword of flaming
   301 | D        | Reached skill level 10 in Axes
   301 | D        | Reached skill level 10 in Armour
   301 | D        | Reached XP level 7. HP: 13/71 MP: 6/6
   301 | D        | Reached XP level 8. HP: 14/79 MP: 7/7
   304 | D        | Killed a +1 hand axe of electrocution
   305 | D        | Reached skill level 10 in Fighting
   305 | D        | Reached skill level 11 in Axes
   306 | D        | Killed a +2 flail of protection
   307 | D        | Reached skill level 12 in Axes
   307 | D        | Reached skill level 15 in Shields
   307 | D        | Reached XP level 9. HP: 13/86 MP: 8/8
   531 | D        | Got the ring "Cizoud" {rC+ Str+2 Stlth+}
   612 | D        | Entered arena 6.
   612 | D        | Found a transporter.
   617 | D        | Reached skill level 13 in Axes
   635 | D        | Entered arena 7.
   635 | D        | Noticed a cane toad
   636 | D        | Found a transporter.
   643 | D        | Killed a cane toad
   654 | D        | Reached skill level 14 in Axes
   654 | D        | Reached skill level 1 in Dodging
   667 | D        | Entered arena 8.
   667 | D        | Noticed a tentacled starspawn
   668 | D        | Found the +3 giant club "Skullcrusher" {speed, Str+7}
   668 | D        | Found a transporter.
   676 | D        | Killed a tentacled starspawn
   677 | D        | Reached skill level 15 in Axes
   677 | D        | Reached XP level 10. HP: 72/97 MP: 9/9
   681 | D        | Got the ring of Suspicion {*Corrode rPois Will+ Str+4}
   689 | D        | Reached skill level 16 in Axes
   814 | D        | Entered arena 9.
   814 | D        | Noticed a draconian
   814 | D        | Noticed a draconian
   814 | D        | Noticed a draconian
   814 | D        | Noticed a draconian
   814 | D        | Noticed a draconian
   814 | D        | Noticed a draconian
   814 | D        | Noticed a white draconian
   815 | D        | Identified the +8 shortbow "Munodd" {flame, Dex+4}
   818 | D        | Found a transporter.
   827 | D        | Killed a draconian
   831 | D        | Killed a draconian
   832 | D        | Killed a white draconian
   833 | D        | Reached skill level 17 in Axes
   834 | D        | Killed a draconian
   839 | D        | Killed a draconian
   846 | D        | Killed a draconian
   846 | D        | Killed a draconian
   847 | D        | Reached skill level 18 in Axes
   847 | D        | Reached XP level 11. HP: 78/107 MP: 10/10
   955 | D        | Entered arena 10.
   955 | D        | Noticed a shining eye
   956 | D        | Found the +8 trident of the Octopus King {venom, rElec
                  | rPois Will+}
   958 | D        | Paralysed by a floating eye for 2 turns
   966 | D        | Killed a shining eye
   966 | D        | Paralysed by a floating eye for 4 turns
   976 | D        | Found a transporter.
   996 | D        | Entered arena 11.
   996 | D        | Noticed a deep elf mage
   996 | D        | Noticed a deep elf mage
   996 | D        | Noticed a deep elf archer
   996 | D        | Noticed a +5 trident of freezing
   996 | D        | Noticed a +3 glaive of venom
   996 | D        | Noticed a deep elf mage
   997 | D        | Found a transporter.
  1017 | D        | Killed a deep elf archer
  1024 | D        | Killed a deep elf mage
  1024 | D        | HP: 5/110 [+3 glaive of venom (2)]
  1028 | D        | Killed a deep elf mage
  1029 | D        | Reached skill level 19 in Axes
  1033 | D        | Killed a +5 trident of freezing
  1036 | D        | HP: 5/111 [poisoned by a +3 glaive of venom]
  1038 | D        | Mangled by a +3 glaive of venom

Illustrated notes

Levels and vault maps discovered:
D:        sprint_v [room_start, room_1, room_2, room_3, room_4, room_5, room_6,
          room_7, room_8, room_9, room_10, room_11, room_12, room_13, room_14,
          room_15, room_16, room_17, room_18, room_19, room_20, room_21,
          room_22, room_23, room_24, room_25, room_26, room_27]

Skill      XL: |  1  2  3  4  5  6  7  8  9 10 11 |
---------------+----------------------------------+-----
Fighting       | 7 8 9 10 12 13 14 | 14.3
Axes           | 4 5 10 12 15 18 19 | 19.2
Armour         | 7 9 10 11 12 | 12.9
Shields        | 8 10 13 15 17 18 | 18.9
Dodging        | 1 2 |  2.7
Stealth        | |  0.8

Action                   |  1- 3 |  4- 6 |  7- 9 | 10-12 || total
-------------------------+-------+-------+-------+-------++-------
Melee: Broad axe         |    12 |    20 |    29 |    70 ||   131
       Headbutt          |     1 |     2 |     5 |    15 ||    23
  Use: Potion            |       |       |       |     2 ||     2
Armor: Plate armour      |     3 |    18 |    14 |    27 ||    62
Dodge: Dodged            |       |     1 |     4 |     6 ||    11
Block: Kite shield       |    22 |    44 |    62 |   131 ||   259
